 Dungeon Crawl Stone Soup version 0.15.2 (webtiles) character file.

138 suse60 the Digger (level 5, -8/39 HPs)
             Began as a Formicid Earth Elementalist on Jan 7, 2015.
             Killed by divine providence
             ... invoked by an orc priest
              (17 damage)
             ... on Level 3 of the Dungeon on Jan 27, 2015.
             The game lasted 00:39:18 (2847 turns).

suse60 the Digger (Formicid Earth Elementalist)     Turns: 2847, Time: 00:39:18

HP  -8/39        AC  3     Str 13      XL: 5   Next: 45%
MP   9/13        EV 12     Int 15      God:
Gold 129         SH  0     Dex 11      Spells:  3 memorised,  4 levels left

rFire  . . .     SeeInvis +     b - 92 stones
rCold  . . .     Clarity  .     c - +0 robe
rNeg   . . .     rCorr    .     (no shield)
rPois  .         rRot     .     (helmet unavailable)
rElec  .         Spirit   .     r - +0 cloak
SustAb .         Warding  .     (no gloves)
rMut   .         Stasis   +     (no boots)
Gourm  .                        (no amulet)
MR     .....                    (no ring)
                                (no ring)

@: very slightly contaminated, not resistant to hostile enchantments, unstealthy
A: permanent stasis, dig shafts and tunnels, four strong arms, antennae 3
a: Dig, Shaft Self


You were on level 3 of the Dungeon.
You were not hungry.

You visited 1 branch of the dungeon, and saw 3 of its levels.

You collected 129 gold pieces.

Inventory:

Hand weapons
 h - a +2 dagger of venom
Missiles
 b - 92 stones (in hand)
Armour
 c - a +0 robe (worn)
 o - a +0 leather armour
 r - a +0 cloak (worn)
Comestibles
 a - 2 bread rations
 j - 2 meat rations
 k - 3 fruits
 n - a chunk of worm flesh
Scrolls
 l - a scroll of identify
 m - a scroll of random uselessness {unknown}
 p - a scroll of recharging {unknown}
Potions
 f - a potion of curing
 g - a potion of flight
 i - a potion of brilliance
 q - a potion of resistance
Books
 d - a book of Geomancy

   Spells                             Type                      Level
   *Sandblast                         Earth                        1
   *Stoneskin                         Transmutation/Earth          2
   Passwall                           Transmutation/Earth          3
   *Stone Arrow                       Conjuration/Earth            3
   Petrify                            Transmutation/Earth          4
   Lee's Rapid Deconstruction         Earth                        5


   Skills:
 + Level 2.3 Fighting
 + Level 0.6 Short Blades
 + Level 3.0 Dodging
 - Level 2.4 Stealth
 + Level 3.0 Spellcasting
 - Level 1.1 Transmutations
 + Level 4.4 Earth Magic


You had 4 spell levels left.
You knew the following spells:

 Your Spells              Type           Power        Failure   Level  Hunger
a - Sandblast             Erth           ###...       3%          1    #......
b - Stoneskin             Trmt/Erth      ##......     12%         2    ##.....
c - Stone Arrow           Conj/Erth      #.....       30%         3    ###....


Dungeon Overview and Level Annotations

Branches:
Dungeon (3/15)

Altars:
Cheibriados
Zin


Innate Abilities, Weirdness & Mutations

Your are under a permanent stasis effect.
You can dig through walls and to a lower floor.
Your four strong arms can wield two-handed weapons with a shield.
You have a pair of large antennae on your head (SInv).


Message History

You miscast Sandblast.
You are very lightly contaminated with residual magic.
Sand pours from your hands.
Your +2 dagger of venom stops dripping with poison.
b - 93 stones (in hand)
The orc hits you with a flail.
The orc priest invokes the aid of Beogh against you.
Something smites you!
* * * LOW HITPOINT WARNING * * *
There are monsters nearby!
Casting: Sandblast
Confirm with . or Enter, or press ? or * to list all spells.
Aiming: Sandblast
Press: ? - help, Shift-Dir - straight line, f/p - orc
Aim: an orc, wielding a flail (severely wounded)
The rocky blast hits the orc.
You kill the orc!
The orc priest invokes the aid of Beogh against you.
Something smites you!
You die...

##.###.## ##.##
##.## #.##
##.######### #.#
#..)....... ##.##
##.######### #...##
##.##########
#.##.###.####.......
#.#..........%..>.#
#.#@#######.......#
#.#o# #.#>###.##
...?# #.#.......
#.#o. #.#######.
#.... #..(.# # #..#
####.###.. ...#
#........ ##.#
#.#.###.. . #.#.#
#..


You could see an orc priest and an orc.

Vanquished Creatures
  4 adders
  A giant mite (D:1)
  An inept feature mimic (D:2)
  4 worms
  A giant gecko (D:3)
  2 oozes
  3 orcs (D:3)
  7 bats
  2 giant cockroaches (D:2)
  4 hobgoblins
  7 jackals
  4 kobolds
  2 ball pythons (D:1)
  4 giant newts
  7 goblins
  A quokka (D:1)
  10 rats
64 creatures vanquished.

Notes
Turn   | Place    | Note
--------------------------------------------------------------
     0 | D:1      | suse60, the Formicid Earth Elementalist, began the quest for the Orb.
     0 | D:1      | Reached XP level 1. HP: 13/13 MP: 3/3
   153 | D:1      | Reached XP level 2. HP: 18/20 MP: 0/6
   487 | D:1      | Reached skill level 1 in Fighting
   602 | D:1      | Found a snail-covered altar of Cheibriados.
   764 | D:1      | Reached XP level 3. HP: 19/26 MP: 7/7
   768 | D:1      | Learned a level 2 spell: Stoneskin
  1360 | D:2      | Reached skill level 4 in Earth Magic
  1414 | D:2      | Reached XP level 4. HP: 22/32 MP: 1/9
  1780 | D:2      | Found a glowing silver altar of Zin.
  2525 | D:3      | Reached XP level 5. HP: 35/38 MP: 5/12
  2775 | D:3      | Learned a level 3 spell: Stone Arrow
  2847 | D:3      | Killed from afar by an orc priest

Action                   |  1- 3 |  4- 6 || total
-------------------------+-------+-------++-------
Melee: Club              |    69 |       ||    69
       Dagger            |     1 |    51 ||    52
 Cast: Sandblast         |    28 |    54 ||    82
 Abil: Dig               |     1 |       ||     1
  Use: Scroll            |     3 |     4 ||     7
 Stab: Sleeping          |     2 |     2 ||     4
  Eat: Chunk             |     2 |     5 ||     7
